 Dungeon Crawl Stone Soup version 0.31-a0-1001-g770356a28f (webtiles) character file.

Game seed: 4126638509091970948

261963 BinkBink the Impregnable (level 19, -8/267 (271) HPs)
             Began as a Minotaur Fighter on Nov 8, 2023.
             Was the Champion of Qazlal.
             Killed from afar by a starcursed mass (12 damage)
             ... with an accursed screaming
             ... on level 3 of the Abyss.
             The game lasted 01:10:33 (36592 turns).

BinkBink the Impregnable (Minotaur Fighter)        Turns: 36592, Time: 01:10:33

HP:   -8/267 (271)  AC: 31    Str: 32    XL:     19   Next: 21%
MP:   36/36         EV: 13    Int: -7 (5) God:    Qazlal [******]
Gold: 3715          SH: 28    Dex: 13    Spells: 18/18 levels left

rFire   + + .        z - +6 hand axe of the Usurping Gods {heavy, Fly Str+2 Int-2}
rCold   + . .        y - +0 tower shield
rNeg    + . .        D - +0 crystal plate armour
rPois   +            J - +0 hat
rElec   +            q - scarf "Nifru" {rC+ rF+, rElec Int+2}
rCorr   +            (no gloves)
SInv    .            F - +0 pair of boots of the Shoals {rPois Will- rCorr MP+9}
Will    +....        k - amulet of Ysoawk {Regen+ Str+4 Stlth+} Stlth
                     I - ring of Leckoqude {rN+ MP+9 Slay+4}
HPRegen 0.00/turn    g - ring of willpower
MPRegen 0.25/turn

%: repel missiles
@: mighty, berserking, protected from fire, sick, flying, slowed, lost
intelligence, lightly drained, unable to read
A: horns 2, retaliatory headbutt, inability to read after injury 1
}: 2/15 runes: decaying, gossamer
a: Renounce Religion, Upheaval, Elemental Force, Disaster Area


You were on level 3 of the Abyss.
You worshipped Qazlal.
Qazlal was exalted by your worship.
You visited 7 branches of the dungeon, and saw 33 of its levels.
You visited the Abyss 2 times.
You visited 1 bazaar.
You also visited: Bailey, Ice Cave and Volcano.

You collected 4402 gold pieces.
You spent 687 gold pieces at shops.

Inventory:

Hand Weapons
 z - the +6 hand axe of the Usurping Gods (weapon) {heavy, Fly Str+2 Int-2}
   (You bought it in a shop on level 2 of the Orcish Mines)

   Str+2:     It affects your strength (+2).
   Int-2:     It affects your intelligence (-2).
   Fly:       It grants you flight.
 A - the +7 broad axe of Demonkind {venom, Dex+3 Stlth+}
   (You acquired it on level 4 of the Swamp)

   Dex+3:     It affects your dexterity (+3).
   Stlth+:    It makes you more stealthy.
 B - a +4 heavy war axe
Armour
 n - +0 ice dragon scales
 q - the scarf "Nifru" (worn) {rC+ rF+, rElec Int+2}
   (You found it on level 4 of the Dungeon)

   Int+2:     It affects your intelligence (+2).
   rElec:     It insulates you from electricity.
 v - a +2 cloak of fire resistance
 y - a +0 tower shield (worn)
 D - a +0 crystal plate armour (worn)
 F - the +0 pair of boots of the Shoals (worn) {rPois Will- rCorr MP+9}
   (You found it in a bailey)

   rPois:     It protects you from poison Will-: It decreases your willpower.
   MP+9:      It affects your magic capacity (+9).
   rCorr:     It protects you from acid and corrosion.
 J - a +0 hat (worn)
 K - a +0 plate armour of willpower
Jewellery
 g - a ring of willpower (right hand)
 k - the amulet of Ysoawk (around neck) {Regen+ Str+4 Stlth+}
   (You acquired it on level 12 of the Dungeon)

   [amulet of regeneration]

   Str+4:     It affects your strength (+4).
   Regen+:    It increases your rate of health regeneration.
   Stlth+:    It makes you more stealthy.
 C - a ring of poison resistance
 I - the ring of Leckoqude (left hand) {rN+ MP+9 Slay+4}
   (You took it off a deep elf zephyrmancer on level 9 of the Dungeon)

   [ring of slaying]

   Slay+4:    It affects your accuracy & damage with ranged weapons and melee
   (+4).
   rN+:       It protects you from negative energy.
   MP+9:      It affects your magic capacity (+9).
 L - a ring of positive energy
 O - the ring "Femegudi" {Ice Fly rElec Int+2}
   (You found it in an ice cave)

   [ring of ice]

   Ice:       It enhances your ice magic.
   Int+2:     It affects your intelligence (+2).
   rF-:       It makes you vulnerable to fire.
   rC+:       It protects you from cold.
   rElec:     It insulates you from electricity.
   Fly:       It grants you flight.
 S - a ring of protection from cold
 V - the ring "Zetzol" {rCorr Str+6}
   (You found it in an ice cave)

   [ring of strength]

   Str+6:     It affects your strength (+6).
   rCorr:     It protects you from acid and corrosion.
 X - the ring "Geod" {rC+ rN+ Dex+3 Stlth+}
   (You found it in an ice cave)

   [ring of protection from cold]

   Dex+3:     It affects your dexterity (+3).
   rC+:       It protects you from cold.
   rN+:       It protects you from negative energy.
   Stlth+:    It makes you more stealthy.
 Z - a +5 ring of evasion
Wands
 b - a wand of polymorph (15)
 p - a wand of iceblast (26)
 x - a wand of flame (75)
 E - a wand of digging (10)
 G - a wand of acid (26)
 N - a wand of paralysis (22)
 T - a wand of mindburst (14)
Scrolls
 c - 2 scrolls of identify
 f - 5 scrolls of enchant armour
 h - 2 scrolls of blinking
 i - 3 scrolls of fog
 m - 8 scrolls of fear
 o - 4 scrolls of brand weapon
 r - 5 scrolls of poison
 u - 16 scrolls of teleportation
 M - a scroll of enchant weapon
 P - 2 scrolls of revelation
Potions
 a - 2 potions of cancellation
 d - 7 potions of might
 e - 5 potions of enlightenment
 s - 15 potions of curing
 t - 3 potions of invisibility
 w - 2 potions of haste
 H - 8 potions of mutation
 Q - 3 potions of lignification
 R - 4 potions of magic
 U - 4 potions of brilliance
 W - 8 potions of ambrosia
 Y - 3 potions of resistance


   Skills:
 + Level 18.7 Fighting
 + Level 18.6 Axes
 * Level 23.7 Armour
 + Level 16.9 Dodging
 + Level 18.5 Shields


You had 18 spell levels left.
You didn't know any spells.
Your spell library contained the following spells:

 Spells                   Type           Power      Damage    Failure   Level
 Apportation              Tloc           0%         N/A       100%        1
 Kiss of Death            Conj/Necr      0%         2d5       100%        1
 Slow                     Hex            0%         N/A       100%        1
 Summon Small Mammal      Summ           0%         N/A       100%        1
 Cigotuvi's Dreadful Rot  Necr/Pois/Air  0%         N/A       100%        2
 Ensorcelled Hibernation  Hex/Ice        0%         N/A       100%        2
 Jinxbite                 Hex            0%         N/A       100%        2
 Passwall                 Tmut/Erth      0%         N/A       100%        2
 Poisonous Vapours        Pois/Air       0%         N/A       100%        2
 Static Discharge         Conj/Air       0%         3-3/arc   100%        2
 Wereblood                Tmut           0%         N/A       100%        2
 Call Canine Familiar     Summ           0%         N/A       100%        3
 Confusing Touch          Hex            0%         N/A       100%        3
 Frozen Ramparts          Ice            0%         1d1       100%        3
 Gell's Gravitas          Tloc           0%         N/A       100%        3
 Ignite Poison            Fire/Tmut/Pois 0%         N/A       100%        3
 Mephitic Cloud           Conj/Pois/Air  0%         N/A       100%        3
 Ozocubu's Armour         Ice            0%         N/A       100%        3
 Sigil of Binding         Hex            0%         N/A       100%        3
 Summon Guardian Golem    Hex/Summ       0%         N/A       100%        3
 Swiftness                Air            0%         N/A       100%        3
 Teleport Other           Tloc           0%         N/A       100%        3
 Tukima's Dance           Hex            0%         N/A       100%        3
 Vampiric Draining        Necr           0%         2d6       100%        3
 Airstrike                Air            0%         2d(0-16)  100%        4
 Dimensional Bullseye     Hex/Tloc       0%         N/A       100%        4
 Dispel Undead            Necr           0%         3d6       100%        4
 Iskenderun's Mystic Bla  Conj/Tloc      0%         2d3       100%        4
 Petrify                  Tmut/Erth      0%         N/A       100%        4
 Summon Lightning Spire   Summ/Air       0%         N/A       100%        4
 Vhi's Electric Charge    Tloc/Air       0%         N/A       100%        4
 Alistair's Intoxication  Tmut/Pois      0%         N/A       100%        5
 Arcjolt                  Conj/Air       0%         1d10      100%        5
 Freezing Cloud           Conj/Ice/Air   0%         6-21      100%        5
 Irradiate                Conj/Tmut      0%         3d11      100%        5
 Metabolic Englaciation   Hex/Ice        0%         N/A       100%        5
 Summon Forest            Summ/Tloc      0%         N/A       100%        5
 Dispersal                Tloc           0%         N/A       100%        6
 Eringya's Noxious Bog    Tmut/Pois      0%         4d6       100%        6
 Simulacrum               Ice/Necr       0%         N/A       100%        6
 Malign Gateway           Summ/Tloc      0%         N/A       100%        7
 Summon Hydra             Summ           0%         N/A       100%        7
 Maxwell's Capacitive Co  Air            0%         ∞         100%        8
 Summon Horrible Things   Summ           0%         N/A       100%        8


Dungeon Overview and Level Annotations

Branches:
Dungeon (15/15)            Temple (1/1) D:6            Lair (5/5) D:8
  Swamp (4/4) Lair:2       Spider (4/4) Lair:3        Slime (0/5) Lair:4
    Orc (2/2) D:11            Elf (2/3) Orc:2        Vaults (0/5) D:14
 Depths (0/4) D:15         Bailey (visited)           IceCv (visited)
Volcano (visited)

Altars:
Ashenzari
Cheibriados
Dithmenos
Elyvilon
Fedhas
Gozag
Hepliaklqana
Kikubaaqudgha
Makhleb
Nemelex Xobeh
Okawaru
Qazlal
Ru
Sif Muna
Trog
Uskayaw
Vehumet
Wu Jian
Xom
Yredelemnul
Zin
The Shining One
Jiyva

Shops:
D:1 [   D:3 ?   D:4 *   D:7 *   D:13 =   D:14 [:?((   Orc:2 :(([   Elf:1 ([(

Portals:
Trove: D:10 (give 7 scrolls of fear)

Annotations:
D:4 1 runed translucent door, Crazy Yiuf
D:7 exclusion: statue


Innate Abilities, Weirdness & Mutations

You have a pair of horns on your head.
You reflexively headbutt those who attack you in melee.
You occasionally lose the ability to read scrolls when taking damage.


Message History

A red film seems to cover your vision as you go berserk!
You feel yourself moving faster!
You feel mighty!
You hear a screech!
The neqoxec gestures at you.
Something tries to feed on your intellect!
You hear some strange, mumbled words.
A bolt of negative energy appears from out of thin air!
The bolt of negative energy hits you! You partially resist.
You feel drained.
* * * LOW HITPOINT WARNING * * *
You block the starcursed mass's attack. x2
A deafening chorus of shrieks assaults your mind!
* * * LOW HITPOINT WARNING * * *
You suddenly lose the ability to move!
The neqoxec gestures at you.
You feel dopey. Something feeds on your intellect!
Something hits you but does no damage. Something bites you but does no damage.
You can move again.
You cut the tentacled starspawn into ribbons!!!
You headbutt the tentacled starspawn!!
The tentacled starspawn is almost destroyed.
You slash the starcursed mass! You closely miss something.
You slice the starcursed mass!!
You destroy the starcursed mass!
Qazlal accepts your kill.
The starcursed mass shudders and is absorbed by its neighbour.
You hear a hideous shriek!
The tentacled starspawn barely misses you.
You block the tentacled starspawn's attack.
A deafening chorus of shrieks assaults your mind!
* * * LOW HITPOINT WARNING * * *
You shrug off the repeated paralysis!
You carve the tentacled starspawn like a ham!!!
You destroy the tentacled starspawn!
Qazlal accepts your kill.
You slice the starcursed mass!! You miss something.
The starcursed mass shudders and is absorbed by its neighbour.
You hear a roar!
You hear some strange, mumbled words.
A deafening chorus of shrieks assaults your mind!
You die...

# ### .
#### ##
#
≈≈~#♣#
#~xz#≈☼
#~xz~#
#z#3#
#@# #


#WW{VXXX# #zX####3X# #M#X #. # ~. X. #~ .X .# .~~ You could see 5 starcursed
masses, a jiangshi, a flayed ghost (summoned), a large abomination, a phantasmal
warrior (summoned), a smoke demon, a neqoxec, a small abomination, 2 flying
skulls, a mummy (summoned) and a wight (summoned).

Vanquished Creatures
  A bone dragon (Abyss:3)
  Arachne (Spider:3)
  Mlioglotl (Swamp:3)
  A tentacled monstrosity (Swamp:2)
  10 tentacled starspawn (Abyss:3)
  An Executioner (Abyss:3)
  Roxanne (Swamp:2)
  A thorn hunter (Swamp:3)
  5 azure jellies
  Aizul (Spider:4)
  Donald (Spider:1)
  A rockslime (IceCv)
  The ghost of Fitotwer the Nimble, an adept KoAr of Ashenzari (Spider:2)
  A fenstrider witch (Swamp:2)
  A balrug (Abyss:3)
  8 ghost moths
  A deep elf sorcerer (Elf:1)
  9 emperor scorpions
  A demonspawn corrupter (Abyss:3)
  An angel (Abyss:3)
  4 quicksilver oozes (IceCv)
  2 very ugly things (D:15)
  An ironbound preserver (D:14)
  Azrael (Spider:1)
  3 eleionomae
  4 bunyips
  A red draconian (Volcano)
  Snorg (Orc:1)
  An ettin (Orc:2)
  3 entropy weavers
  A deep elf high priest (Elf:1)
  18 hydras
  3 ice dragons
  2 jorogumos
  A rakshasa (Abyss:3)
  A ghost crab (Swamp:4)
  5 centaur warriors
  4 radroaches
  7 alligators
  4 catoblepae (Lair:5)
  3 boulder beetles
  4 two-headed ogres
  4 dancing weapons
  2 tengu warriors
  12 death yaks
  3 demonic crawlers
  2 orc high priests
  4 sun demons (Abyss:3)
  4 starcursed masses (Abyss:3)
  A thrashing horror (Abyss:3)
  3 deep elf knights (Elf:1)
  3 wretched stars (Abyss:3)
  A skyshark (Lair:4)
  A fire crab (shapeshifter) (D:15)
  7 pharaoh ants
  A fire crab (D:14)
  Amaemon (Lair:3)
  A salamander mystic (Volcano)
  2 sun moths (Spider:1)
  4 spriggan druids
  4 goliath frogs
  3 glowing orange brains
  Lodul (D:12)
  A flayed ghost (Abyss:3)
  A spatial maelstrom (Abyss:3)
  Pikel (D:6)
  8 orc knights
  A shadow demon (Abyss:3)
  4 swamp dragons
  2 orange crystal statues (IceCv)
  5 deep elf archers
  A bog body (Swamp:3)
  9 steelbarb worms
  7 orb spiders
  11 deep elf zephyrmancers
  13 deep elf pyromancers
  6 salamanders (Volcano)
  14 wolf spiders
  18 ugly things
  2 orc sorcerers
  5 cyclopes
  6 manticores
  8 will-o-the-wisps
  7 black mambas
  A worldbinder (Abyss:3)
  2 moths of wrath (Spider:1)
  10 elephants
  3 torpor snails
  2 gargoyles
  3 smoke demons (Abyss:3)
  2 orange demons
  A centaur skeleton (Abyss:3)
  An unseen horror (D:10)
  13 cane toads
  3 kobold demonologists (D:11)
  Jeremiah (D:6)
  3 efreet
  2 rime drakes
  10 komodo dragons
  6 freezing wraiths
  A harpy zombie (Abyss:3)
  8 tyrant leeches
  A tengu conjurer (D:14)
  An ancient zyme (Abyss:3)
  7 meliai
  10 trolls
  Prince Ribbit (D:6)
  A polar bear (shapeshifter) (Elf:1)
  4 hornets
  42 tarantellas
  4 polar bears
  A wolf spider simulacrum (D:15)
  11 large abominations (Abyss:3)
  12 dream sheep
  8 raiju (Abyss:3)
  18 blink frogs
  Sigmund (D:2)
  10 culicivoras
  10 flying skulls (Abyss:3)
  8 jumping spiders
  29 slime creatures
  5 spriggans
  3 wraiths
  A centaur simulacrum (D:14)
  3 wyverns
  Eustachio (D:4)
  4 basilisks
  92 yaks
  5 fire elementals
  2 fire bats (Abyss:3)
  A chaos spawn (Abyss:3)
  36 redbacks
  11 vampire mosquitoes
  6 swamp worm simulacra (Swamp:4)
  8 wargs
  14 swamp worms
  16 water moccasins
  5 great orb of eyes simulacra (IceCv)
  15 hydra simulacra (Swamp:4)
  6 hell hounds (Spider:1)
  51 orc warriors
  2 meliai simulacra (D:15)
  3 swamp drakes
  4 black bears
  2 sky beasts
  2 ice beasts
  10 ogres
  13 wolves
  16 centaurs
  A centaur (shapeshifter) (D:14)
  5 small abominations (Abyss:3)
  4 slime creature simulacra (IceCv)
  A phantom (D:5)
  4 kobold brigands
  3 glowing shapeshifter simulacra (IceCv)
  11 bullfrogs
  2 gnoll sergeants (D:7)
  2 earth elementals
  3 scorpions
  26 killer bees
  8 howler monkeys
  3 electric eels
  A quasit (Abyss:3)
  13 orc priests
  A hound (D:7)
  2 sleepcaps
  A jelly (D:5)
  4 gnoll boudas
  An iron imp (Abyss:3)
  4 hell rats (Lair:1)
  4 iguanas
  18 orc wizards
  Natasha (thrice) (D:4)
  6 adders
  28 gnolls
  2 white imps
  2 swamp drake simulacra (Swamp:4)
  4 worms
  3 dart slugs
  108 orcs
  6 endoplasms
  2 giant cockroaches
  36 goblins
  31 hobgoblins
  2 jackals (D:4)
  4 ball pythons
  5 bats
  4 frilled lizards
  20 kobolds
  6 rats
  13 starspawn tentacles (Abyss:3)
1311 creatures vanquished.

Vanquished Creatures (others)
  A deep elf knight (Elf:1)
  An orb spider (Spider:4)
  2 deep elf archers (Elf:1)
  A deep elf pyromancer (Elf:1)
  A bloated husk (Swamp:4)
  A hornet (Swamp:3)
  A large abomination (Abyss:3)
  An air elemental (Elf:2)
  A small abomination (Abyss:3)
  15 foxfires
  24 starspawn tentacles (Abyss:3)
49 creatures vanquished.

Grand Total: 1360 creatures vanquished

Notes
Turn   | Place    | Note
-------+----------+-------------------------------------------
     0 | D:1      | BinkBink the Minotaur Fighter began the quest for the Orb.
     0 | D:1      | Reached XP level 1. HP: 19/19 MP: 0/0
   235 | D:1      | Found Quecasof's Antique Armour Shop.
   326 | D:1      | Reached XP level 2. HP: 27/27 MP: 1/1
   576 | D:1      | Reached skill level 4 in Armour
   753 | D:2      | Reached XP level 3. HP: 33/33 MP: 2/2
  1060 | D:2      | Noticed Sigmund
  1064 | D:2      | Killed Sigmund
  1065 | D:2      | Reached XP level 4. HP: 41/41 MP: 3/3
  1065 | D:2      | Reached XP level 5. HP: 47/47 MP: 4/4
  1177 | D:3      | Reached skill level 5 in Shields
  1228 | D:3      | Reached skill level 5 in Fighting
  1230 | D:3      | Reached skill level 5 in Armour
  1554 | D:3      | Reached XP level 6. HP: 41/56 MP: 5/5
  2176 | D:3      | Found Nozan's Magic Scroll Shop.
  2625 | D:3      | Bought a scroll of identify for 22 gold pieces
  2954 | D:4      | Found a runed translucent door.
  2955 | D:4      | Noticed Crazy Yiuf
  2973 | D:4      | Noticed Eustachio
  2998 | D:4      | Killed Eustachio
  2999 | D:4      | Reached skill level 5 in Axes
  2999 | D:4      | Reached XP level 7. HP: 26/62 MP: 6/6
  3243 | D:4      | Reached skill level 6 in Armour
  3250 | D:4      | Noticed Natasha
  3254 | D:4      | Killed Natasha
  3495 | D:4      | Found Icoetaada's Gadget Gallery.
  3547 | D:4      | Noticed Natasha
  3554 | D:4      | Killed Natasha
  3673 | D:4      | Noticed Natasha
  3678 | D:4      | Killed Natasha
  3702 | D:4      | Identified the scarf "Nifru" {rC+ rF+, rElec Int+2}
  3904 | D:5      | Entered Level 5 of the Dungeon
  4162 | D:5      | Reached XP level 8. HP: 70/71 MP: 7/7
  4177 | D:5      | Found a glowing silver altar of Zin.
  4188 | D:5      | Found a bloodstained altar of Trog.
  4297 | D:5      | Found a broken altar of Ashenzari.
  4300 | D:5      | Found a snail-covered altar of Cheibriados.
  4581 | D:6      | Noticed Prince Ribbit
  4581 | D:6      | Noticed Pikel
  4623 | D:6      | Reached skill level 7 in Armour
  4664 | D:6      | Found a staircase to the Ecumenical Temple.
  4723 | D:6      | Killed Pikel
  4741 | Temple   | Entered the Ecumenical Temple
  4757 | Temple   | Became a worshipper of Qazlal Stormbringer
  4854 | D:6      | Killed Prince Ribbit
  4855 | D:6      | Reached skill level 8 in Armour
  4855 | D:6      | Reached XP level 9. HP: 22/81 MP: 8/8
  5341 | D:6      | Noticed Jeremiah
  5409 | D:6      | Killed Jeremiah
  6369 | D:7      | Found Puplurph's Mass Market.
  6378 | D:7      | Bought a +0 tower shield for 67 gold pieces
  6506 | D:7      | Reached skill level 9 in Armour
  6681 | D:7      | Found a radiant altar of Vehumet.
  6920 | D:8      | Found a staircase to the Lair.
  6920 | D:8      | Identified the +1 ring mail of Aliophoe {Harm}
  7371 | D:8      | Identified the +7 falchion of Wu Jian's Envy {freeze,
                  | Int+2}
  7779 | D:8      | Found a faded altar of an unknown god.
  7779 | D:8      | Noticed a gargoyle
  7780 | D:8      | Found a hazy altar of Hepliaklqana.
  7790 | D:8      | Killed a gargoyle
  7791 | D:8      | Reached XP level 10. HP: 57/91 MP: 9/9
  7997 | D:9      | Reached * piety under Qazlal
  8144 | D:9      | Found a flagged portal.
  8155 | Bailey   | Entered a bailey
  8462 | Bailey   | Reached skill level 10 in Fighting
  8470 | Bailey   | Reached skill level 10 in Shields
  8553 | Bailey   | Reached ** piety under Qazlal
  8576 | Bailey   | Reached skill level 10 in Armour
  9416 | Bailey   | Reached skill level 10 in Axes
  9696 | Bailey   | Identified the +0 pair of boots of the Shoals {rPois Will-
                  | rCorr MP+9}
 10152 | D:9      | Identified the ring of Leckoqude {rN+ MP+9 Slay+4}
 10152 | D:9      | Noticed a deep elf zephyrmancer
 10152 | D:9      | Noticed a cyclops
 10155 | D:9      | Killed a cyclops
 10161 | D:9      | Killed a deep elf zephyrmancer
 10392 | D:9      | Found a basalt altar of Yredelemnul.
 10646 | D:10     | Entered Level 10 of the Dungeon
 10685 | D:10     | Noticed a deep elf pyromancer
 10685 | D:10     | Noticed a two-headed ogre
 10695 | D:10     | Reached XP level 11. HP: 84/101 MP: 10/10
 10699 | D:10     | Killed a two-headed ogre
 10700 | D:10     | Reached skill level 11 in Armour
 10700 | D:10     | Reached skill level 1 in Dodging
 10709 | D:10     | Killed a deep elf pyromancer
 10898 | D:10     | Reached *** piety under Qazlal
 11045 | D:10     | Found a shadowy altar of Dithmenos.
 11299 | D:10     | Found a portal to a secret trove of treasure.
 11573 | D:11     | Noticed a soul eater
 11576 | D:11     | Reached skill level 12 in Armour
 11578 | D:11     | Noticed a boulder beetle
 11674 | D:11     | Noticed a two-headed ogre
 11683 | D:10     | Reached skill level 5 in Dodging
 11985 | D:10     | Killed a two-headed ogre
 12186 | D:10     | Reached **** piety under Qazlal
 12257 | D:11     | Identified the +6 dagger of Tenacity {heavy, Will++ rCorr
                  | Int-2}
 12400 | D:11     | Found a staircase to the Orcish Mines.
 12424 | D:11     | Killed a boulder beetle
 12459 | D:11     | Reached XP level 12. HP: 112/112 MP: 11/11
 12789 | D:12     | Noticed a centaur warrior
 12800 | D:12     | Killed a centaur warrior
 12900 | D:12     | Reached skill level 13 in Armour
 13010 | D:12     | Noticed Lodul
 13017 | D:12     | Killed Lodul
 13244 | D:12     | Found a glowing golden altar of the Shining One.
 13838 | D:12     | Acquired the amulet of Ysoawk {Regen+ Str+4 Stlth+}
 14168 | D:13     | Found Xeyz's Jewellery Shop.
 14184 | D:13     | Noticed a two-headed ogre
 14188 | D:13     | Noticed a centaur warrior
 14188 | D:13     | Killed a two-headed ogre
 14194 | D:13     | Killed a centaur warrior
 14209 | D:13     | Reached skill level 14 in Armour
 14922 | D:14     | Noticed a centaur warrior
 14927 | D:14     | Killed a centaur warrior
 14942 | D:14     | Found Jyllud's Antique Weapon Shop.
 14947 | D:14     | Found Najus's Antique Weapon Boutique.
 14948 | D:14     | Found Tejucy's Book Emporium.
 14961 | D:14     | Found Raevol's Armour Shoppe.
 14964 | D:14     | Found Doal's Magic Scroll Shop.
 15039 | D:14     | Bought a scroll of fear for 64 gold pieces
 15055 | D:14     | Noticed a seven-headed hydra
 15061 | D:14     | Killed an 11-headed hydra
 15062 | D:14     | Reached XP level 13. HP: 84/119 MP: 12/12
 15072 | D:14     | Reached ***** piety under Qazlal
 15211 | D:14     | Noticed an ironbound preserver
 15277 | D:14     | Killed an ironbound preserver
 15278 | D:14     | Reached skill level 15 in Armour
 15290 | D:14     | Reached skill level 10 in Dodging
 15386 | D:14     | Found a gate to the Vaults.
 15549 | D:14     | Identified the +5 rapier of Ocsirradd {holy, rCorr}
 15729 | Orc:1    | Entered Level 1 of the Orcish Mines
 15862 | Orc:2    | Entered Level 2 of the Orcish Mines
 15922 | Orc:2    | Found a dark tunnel.
 15968 | Orc:2    | Noticed an ettin
 15972 | Orc:2    | Killed an ettin
 15973 | Orc:2    | Reached skill level 16 in Armour
 15980 | Volcano  | Entered a volcano
 16183 | Volcano  | Noticed a red draconian
 16217 | Volcano  | Found a burning altar of Makhleb.
 16253 | Volcano  | Killed a red draconian
 16254 | Volcano  | Reached XP level 14. HP: 127/130 MP: 13/13
 16358 | Orc:2    | Reached ****** piety under Qazlal
 16431 | Orc:2    | Found a staircase to the Elven Halls.
 16643 | Orc:2    | Found Asucvefauk's Weapon Shoppe.
 16643 | Orc:2    | Found Paisio's Book Shop.
 16861 | Orc:2    | Found Ygel's Armour Shoppe.
 16861 | Orc:2    | Found Cucwool's Weapon Shop.
 16876 | Orc:2    | Bought the +6 hand axe of the Usurping Gods {heavy, Fly
                  | Str+2 Int-2} for 534 gold pieces
 16998 | Orc:1    | Noticed Snorg
 17319 | Orc:1    | Killed Snorg
 17771 | Lair:1   | Entered Level 1 of the Lair of Beasts
 18090 | Lair:1   | Reached skill level 17 in Armour
 18272 | Lair:2   | Found a staircase to the Swamp.
 19068 | Lair:3   | Found a hole to the Spider Nest.
 19472 | Lair:3   | Noticed Amaemon
 19476 | Lair:3   | Killed Amaemon
 19995 | Lair:4   | Found a viscous altar of Jiyva.
 19995 | Lair:4   | Found a staircase to the Slime Pits.
 20088 | Lair:4   | Reached XP level 15. HP: 139/139 MP: 14/14
 20094 | Lair:4   | Reached skill level 18 in Armour
 20111 | Lair:4   | Reached skill level 15 in Fighting
 20672 | Lair:4   | Reached skill level 15 in Axes
 20679 | Lair:4   | Reached skill level 15 in Shields
 21103 | Lair:5   | Entered Level 5 of the Lair of Beasts
 21415 | Lair:5   | Reached skill level 19 in Armour
 22345 | Swamp:1  | Entered Level 1 of the Swamp
 22526 | Swamp:1  | Reached XP level 16. HP: 151/151 MP: 15/15
 22637 | Swamp:1  | Identified the +0 robe "Ronguem" {Int+2}
 22839 | Swamp:2  | Noticed a tentacled monstrosity
 22854 | Swamp:2  | Killed a tentacled monstrosity
 22966 | Swamp:2  | Noticed Roxanne
 23102 | Swamp:2  | Identified the +6 long sword of the Shark {speed, rElec rC-
                  | Will+ Int+4}
 23319 | Swamp:2  | Killed Roxanne
 23404 | Swamp:3  | Reached skill level 20 in Armour
 23418 | Swamp:3  | Noticed a thorn hunter
 23431 | Swamp:3  | Killed a thorn hunter
 23438 | Swamp:3  | Noticed Mlioglotl
 23493 | Swamp:3  | Killed Mlioglotl
 23925 | Swamp:4  | Entered Level 4 of the Swamp
 24138 | Swamp:4  | Identified the +1 chain mail "Kehutz" {Will+}
 24891 | Swamp:4  | Got a decaying rune of Zot
 24940 | Swamp:4  | Reached skill level 15 in Dodging
 25053 | Swamp:4  | Acquired the +7 broad axe of Demonkind {venom, Dex+3
                  | Stlth+}
 25123 | Spider:1 | Entered Level 1 of the Spider Nest
 25300 | Spider:1 | Noticed Donald
 25310 | Spider:1 | Reached XP level 17. HP: 157/160 MP: 16/16
 25311 | Spider:1 | Killed Donald
 25330 | Spider:1 | Noticed Azrael
 25341 | Spider:1 | Killed Azrael
 25399 | Spider:1 | Reached skill level 21 in Armour
 25620 | Spider:1 | You are sucked into a shaft and drop 1 floor!
 25862 | Spider:2 | Gained mutation: You occasionally lose the ability to read
                  | scrolls when taking damage. [mutagenic glow]
 26181 | Spider:2 | Found a runed translucent door.
 26181 | Spider:2 | Noticed Fitotwer's ghost (adept KoAr)
 26260 | Spider:2 | Killed Fitotwer's ghost
 26407 | Spider:3 | Found a frozen archway.
 26417 | IceCv    | Entered an ice cave
 27894 | IceCv    | Found a viscous altar of Jiyva.
 27911 | IceCv    | Identified the ring "Zetzol" {rCorr Str+6}
 27915 | IceCv    | Got the ring "Geod" {rC+ rN+ Dex+3 Stlth+}
 27923 | IceCv    | Got the ring "Femegudi" {Ice Fly rElec Int+2}
 28867 | Spider:3 | Noticed Arachne
 28885 | Spider:3 | Killed Arachne
 29881 | Spider:4 | Entered Level 4 of the Spider Nest
 29881 | Spider:4 | Identified the serpent talisman of Noughts and Crosses
                  | {+Blink Dex+3}
 29881 | Spider:4 | Noticed Aizul
 30045 | Spider:3 | Reached skill level 22 in Armour
 30513 | Spider:4 | Killed Aizul
 30637 | Spider:4 | Reached XP level 18. HP: 126/171 MP: 7/17
 31477 | Spider:3 | Lost intelligence.
 32196 | D:15     | Entered Level 15 of the Dungeon
 32389 | D:15     | Found a staircase to the Depths.
 33165 | Spider:4 | Got a gossamer rune of Zot
 33691 | Vaults:5 | Identified the of Mesyrive
 33691 | Crypt:3  | Identified the "Defizxa"
 33691 | Depths:3 | Identified the "Obuxo"
 33691 | Depths:3 | Identified the of Asaduxiz
 33691 | Depths:3 | Identified the "Yrphabrog"
 33691 | Depths:3 | Identified the "Gaetwism"
 33691 | Elf:1    | Entered Level 1 of the Elven Halls
 33713 | Abyss:3  | Cast into level 3 of the Abyss (a deep elf sorcerer)
 33869 | Abyss:3  | Reached skill level 23 in Armour
 33883 | Abyss:3  | Noticed a bone dragon
 33916 | Abyss:3  | Killed a bone dragon
 33931 | Elf:1    | Escaped the Abyss
 34334 | Elf:1    | Found a flickering gateway to a bazaar.
 34343 | Bazaar   | Entered a bazaar
 34349 | Bazaar   | Found Wul Eff's Book Emporium.
 34349 | Bazaar   | Found Gykho's Jewellery Shoppe.
 34463 | Elf:1    | Found Mavefuedd's Weapon Shoppe.
 34465 | Elf:1    | Found Xiceaxto's Antique Armour Emporium.
 34468 | Elf:1    | Found Plog's Weapon Shoppe.
 36151 | Elf:2    | Reached XP level 19. HP: 178/180 MP: 18/18
 36207 | Abyss:3  | Cast into level 3 of the Abyss (a deep elf demonologist)
 36524 | Abyss:3  | Lost intelligence.
 36587 | Abyss:3  | Paralysed by accursed screaming for 2 turns
 36590 | Abyss:3  | HP: 11/267 [starcursed mass/accursed screaming (13)]
 36590 | Abyss:3  | Paralysed by accursed screaming for 1 turns
 36591 | Abyss:3  | HP: 4/267 [starcursed mass/accursed screaming (7)]
 36592 | Abyss:3  | Killed from afar by a starcursed mass

Illustrated notes

Levels and vault maps discovered:
D:1:      lemuel_arrival_behind_the_door_large, layout_loops_ring, serial_shops,
          shop
D:2:      layout_rooms, serial_glass, glass_columns_a, glass_columns_a,
          glass_columns_a, glass_columns_b, glass_columns_a, glass_columns_b,
          glass_columns_c, glass_columns_a, grunt_decor_one_mirror, uniq_sigmund
D:3:      minmay_goblin_kobold_castle, layout_basic, serial_shops,
          nicolae_shop_tiny_waterfront, grunt_decor_junction, feat_on_display
D:4:      layout_rooms, chequers_serial_rivers_room_a, dk_noncrumbling_3,
          minivault_4, grunt_decor_cap, nicolae_shop_gadgets, uniq_natasha,
          uniq_eustachio, uniq_crazy_yiuf_cottage
D:5:      layout_loops_cross, old_standard_altar, minitemple,
          grunt_ministairs_15
D:6:      layout_loops_ring, minmay_temple_entry_overgrown, uniq_jeremiah,
          uniq_prince_ribbit1, uniq_pikel
D:7:      wander_river, layout_cave_pools, vehumet_statue, minmay_shop_mass,
          nicolae_grassy_gnolls
D:8:      layout_basic, beargit_hepliaklqana_dungeon_heroes, dpeg_oklobed_lair
D:9:      minmay_the_grid_four_pointed_star
          [minmay_the_grid_triangle_9x9_sparse_checkered,
          minmay_the_grid_triangle_9x9_shrine,
          minmay_the_grid_triangle_9x9_zippers_vertical,
          minmay_the_grid_triangle_9x9_corrupted_corridor,
          minmay_the_grid_prize_diamond_cup], layout_irregular_city,
          general_overflow_altar, enter_bailey_3
D:10:     layout_irregular_city, grunt_dithmenos_smoke,
          nicolae_trove_entry_crossroad, chequers_garden,
          lightli_fourway_metalbox
D:11:     layout_rooms, erik_orc_4
D:12:     layout_gridville, nicolae_tso_carved_into_rock, uniq_lodul
D:13:     layout_loops_ring, serial_shops, nicolae_diamond_shop
D:14:     layout_cave_pools, hellmonk_vaults_order_and_chaos,
          corexii_hall_statues_x, minmay_stone_trees_small,
          nicolae_shop_national_dungeon_mall, grunt_potential
D:15:     gammafunk_enter_depths_forms, layout_long_grid,
          corexii_leaking_fountain
Temple:   jpeg_temple_clearing
Lair:1:   layout_concentric_octagons, lemuel_fruit_tree, grunt_megastairs_3,
          serial_bayou_shore_b
Lair:2:   layout_hall_layers, minmay_swamp_entry_wisps
Lair:3:   layout_roguey, hellmonk_spider_entry_not_the_bees,
          gammafunk_lair_bear_cave, uniq_amaemon
Lair:4:   nzn_winding_woodlands_stair_cross [nzn_winding_woodlands_5x15_garden,
          nzn_winding_woodlands_center_triple_pond,
          nzn_winding_woodlands_5x15_eye, nzn_winding_woodlands_5x5_default,
          nzn_winding_woodlands_5x5_default,
          nzn_winding_woodlands_5x15_sidewinder,
          nzn_winding_woodlands_center_garden,
          nzn_winding_woodlands_5x15_lazy_stream], layout_loops_ring,
          slime_entry_1, chequers_serial_rivers_large_b
Lair:5:   evilmike_catoblepas_cave, layout_small_grid, infiniplex_staircase_pool
Swamp:1:  layout_basic_swamp, evilmike_swamp_ruin_house_2, swamp_pool_1_2
Swamp:2:  layout_falls_marsh, nicolae_swamp_bean_lake,
          nicolae_swamp_decorative_isthmus, uniq_roxanne
Swamp:3:  layout_falls_marsh, nicolae_swamp_trees_clearing, uniq_mlioglotl
Swamp:4:  swamp_icy, layout_basic_swamp
Spider:1: layout_spider_delve, nicolae_spider_altar_of_dancing, uniq_azrael,
          uniq_donald
Spider:2: layout_spider_delve, hellmonk_ghost_happy_afterlife
Spider:3: layout_chambers, portal_ice_cave_entry_pillars_four,
          hangedman_spider_mandibles, nicolae_spider_cling_halls, uniq_arachne
Spider:4: grunt_spider_rune_circles, spiders_nest_ghost_moth_duel, uniq_aizul
Orc:1:    layout_caves, kennysheep_orc_chapel, uniq_snorg
Orc:2:    st_orc_town, layout_caves, nicolae_volcano_entry_hallway
Elf:1:    minmay_elf_crystal_square, layout_gridlike, serial_shops,
          bzr_firewalk, hangedman_elf_represent, hangedman_elf_simple_split,
          minmay_shop_star
Elf:2:    elven_hall_of_blades_hangedman_original
          [nicolae_blade_entry_crossed_weapons], layout_geoelf_diagonals,
          uniq_zenata, uniq_norris
Abyss:3:  base: Vaults:2, due_exit_kobolds, base: Spider:4,
          hangedman_cross_veins, nicolae_abyss_rune_star_stuff

Skill      XL: |  1  2  3  4  5  6  7  8  9 10 11 12 13 14 15 16 17 18 |
---------------+-------------------------------------------------------+-----
Armour         | 4 5 6 8 9 10 12 14 16 17 19 20 22 23 | 23.7
Shields        | 4 5 6 8 9 10 11 12 13 14 15 16 17 18 | 18.5
Fighting       | 4 5 6 8 9 10 11 12 13 14 15 16 17 18 | 18.7
Axes           | 3 4 5 6 7 9 10 11 12 13 14 15 16 17 18 | 18.6
Dodging        | 6 9 11 13 14 15 16 | 16.9

Action                     |  1- 3 |  4- 6 |  7- 9 | 10-12 | 13-15 | 16-18 | 19-21 || total
---------------------------+-------+-------+-------+-------+-------+-------+-------++-------
  Melee: War axe           |    51 |   153 |   272 |   427 |   221 |       |       ||  1124
         Headbutt          |    11 |    19 |    49 |    86 |   186 |   378 |    26 ||   755
         Hand axe          |       |       |       |       |   586 |  1327 |    97 ||  2010
    Use: Scroll            |       |     6 |     1 |    17 |    10 |     7 |       ||    41
         Potion            |       |       |     3 |     2 |     2 |     9 |     3 ||    19
   Stab: Petrifying        |       |       |       |       |     1 |       |       ||     1
         Distracted        |       |       |       |       |       |     2 |       ||     2
         Confused          |       |       |       |       |       |     1 |       ||     1
 Armour: Chain mail        |    24 |   158 |    39 |       |       |       |       ||   221
         Scale mail        |     1 |       |       |       |       |       |       ||     1
         Plate armour      |       |       |   197 |   265 |       |       |       ||   462
         Crystal plate arm |       |       |       |   291 |   566 |  1177 |   103 ||  2137
  Dodge: Dodged            |    18 |    77 |    85 |   133 |   223 |   474 |    46 ||  1056
         Repelled          |       |       |       |     1 |     5 |    21 |     2 ||    29
  Block: Buckler           |     8 |    49 |    44 |       |       |       |       ||   101
         Tower shield      |       |       |    64 |   721 |  1046 |  1905 |   169 ||  3905
         Kite shield       |       |       |    31 |       |       |       |       ||    31

Table legend: (Time is in decaauts)
 A = Elapsed time spent in this place.
 B = Non-inter-level travel time spent in this place.
 C = Inter-level travel time spent in this place.
 D = Time resting spent in this place.
 E = Time spent auto-exploring this place.
 F = Levels seen in this place.
 G = Mean time per level.
                   A        B        C        D        E       F      G
               +--------+--------+--------+--------+--------+-----+--------+
         Total |  38739 |  36606 |   2133 |   9285 |  19244 |  39 |  993.3 |
       Dungeon |  15800 |  14722 |   1078 |   2010 |   9898 |  15 | 1053.3 |
        Temple |     32 |      1 |     31 |      0 |      0 |   1 |   32.0 |
          Lair |   4882 |   4439 |    443 |    218 |   3371 |   5 |  976.4 |
         Swamp |   2780 |   2684 |     96 |    552 |   1468 |   4 |  695.0 |
   Spider Nest |   5836 |   5491 |    345 |   2032 |   2338 |   4 | 1459.0 |
  Orcish Mines |   1803 |   1679 |    124 |    319 |    982 |   2 |  901.5 |
   Elven Halls |   2479 |   2466 |     13 |   1163 |    775 |   2 | 1239.5 |
         Abyss |    736 |    736 |      0 |    347 |     15 |   2 |  368.0 |
        Bazaar |     35 |     35 |      0 |      0 |      0 |   1 |   35.0 |
        Bailey |   1854 |   1854 |      0 |    909 |    348 |   1 | 1854.0 |
      Ice Cave |   2122 |   2122 |      0 |   1566 |     47 |   1 | 2122.0 |
       Volcano |    376 |    376 |      0 |    167 |      0 |   1 |  376.0 |
               +--------+--------+--------+--------+--------+-----+--------+

Top non-repeatable levels by time:
Spider:3: 3143 daAuts
   IceCv: 2122 daAuts
  Bailey: 1854 daAuts
    D:10: 1853 daAuts
     D:3: 1800 daAuts
Spider:4: 1388 daAuts
     D:8: 1363 daAuts
  Lair:4: 1351 daAuts
   Orc:2: 1309 daAuts
   Elf:1: 1266 daAuts
    D:12: 1240 daAuts
  Lair:5: 1213 daAuts
   Elf:2: 1212 daAuts
     D:7: 1126 daAuts
     D:9: 1048 daAuts
